 Dungeon Crawl Stone Soup version 0.30-a0-377-g5cb311bc9f (webtiles) character file.

Game seed: 3706969305730711921

1121 p00ps00p the Trooper (level 8, -5/71 HPs)
             Began as a Hill Orc Fighter on Nov 30, 2022.
             Slain by an acid dragon (10 damage)
             ... on level 5 of the Dungeon.
             The game lasted 00:05:01 (4109 turns).

p00ps00p the Trooper (Hill Orc Fighter)             Turns: 4109, Time: 00:05:02

Health: -5/71      AC:  8    Str: 21    XL:     8   Next: 34%
Magic:  8/8        EV:  9    Int:  8    God:
Gold:   279        SH:  5    Dex: 10    Spells: 7/7 levels left

rFire   . . .      SeeInvis .    a - +0 war axe
rCold   . . .      Faith    .    c - +0 buckler
rNeg    + . .      Spirit   .    b - +0 scale mail
rPois   .          Reflect  .    (no helmet)
rElec   .          Harm     .    o - +0 cloak
rCorr   .          Rampage  .    (no gloves)
Will    .....                    (no boots)
Stlth   ..........               (no amulet)
HPRegen 0.31/turn                i - ring of positive energy
MPRegen 0.11/turn                (no ring)

@: mighty
A: no striking features
a: no special abilities


You were on level 5 of the Dungeon.
You visited 1 branch of the dungeon, and saw 5 of its levels.

You collected 279 gold pieces.

Inventory:

Hand Weapons
 a - a +0 war axe (weapon)
Armour
 b - a +0 scale mail (worn)
 c - a +0 buckler (worn)
 h - a +3 scale mail of positive energy
 o - a +0 cloak (worn)
Jewellery
 i - a ring of positive energy (left hand)
 n - a ring of wizardry
Scrolls
 g - a scroll of enchant weapon {unknown}
 j - a scroll of silence {unknown}
 k - a scroll of teleportation {unknown}
 l - a scroll of identify {unknown}
 m - a scroll of poison {unknown}
Potions
 d - a potion of might
 e - 6 potions of curing {unknown}
 f - a potion of brilliance {unknown}


   Skills:
 + Level 6.8 Fighting
 + Level 6.8 Axes
 + Level 6.2 Armour
 + Level 6.2 Shields


You had 7 spell levels left.
You didn't know any spells.
Your spell library contained the following spells:

 Spells                   Type           Power      Damage    Failure   Level
 Apportation              Tloc           0%         N/A       80%         1
 Necrotise                Necr           0%         1d4       80%         1
 Summon Small Mammal      Summ           0%         N/A       80%         1
 Portal Projectile        Hex/Tloc       0%         N/A       99%         3
 Tukima's Dance           Hex            0%         N/A       99%         3
 Vhi's Electric Charge    Tloc/Air       0%         N/A       99%         3
 Arcjolt                  Conj/Air       0%         1d10      100%        5
 Blade Hands              Tmut           0%         N/A       100%        5
 Maxwell's Capacitive Co  Air            0%         ∞         100%        8


Dungeon Overview and Level Annotations

Branches:
Dungeon (5/15)
 Temple: D:4-7

Altars:

Shops:
D:3 [


Message History

You now have 279 gold pieces (gained 19).
Things that are here:
a +0 club; a +0 leather armour A gnoll sergeant comes into view.
It is wielding a +0 spear.
Found a book of Blasting.
The gnoll sergeant shouts!
The gnoll sergeant moves out of view.
An acid dragon comes into view.
Found a book of Beasts, a scroll labelled JIEROK HUICAO and a runed orb.
The acid dragon roars!
The gnoll sergeant hits you from afar with a +0 spear.
There are monsters nearby!
There are monsters nearby!
Found a book of Changes.
The acid dragon bites you. You block the acid dragon's attack.
The gnoll sergeant hits you with a +0 spear.
There is an open door, spattered with blood here.
The gnoll sergeant blocks your attack.
You closely miss the acid dragon. You block the gnoll sergeant's attack.
The acid dragon barely misses you. x2
You hit the gnoll sergeant but do no damage.
You barely miss the acid dragon. The acid dragon completely misses you.
The acid dragon claws you. The gnoll sergeant closely misses you.
You block the acid dragon's attack. The acid dragon claws you.
The gnoll sergeant hits you with a +0 spear.
You hit the gnoll sergeant.
The gnoll sergeant is lightly wounded.
You hit the acid dragon but do no damage.
The gnoll sergeant hits you with a +0 spear!
The acid dragon spits acid at you. The splash of acid hits you!!
* * * LOW HITPOINT WARNING * * *
You feel very mighty all of a sudden.
The gnoll sergeant hits you with a +0 spear.
* * * LOW HITPOINT WARNING * * *
The acid dragon bites you but does no damage.
The acid dragon claws you.
* * * LOW HITPOINT WARNING * * *
You barely miss the acid dragon. You slash the gnoll sergeant!
The gnoll sergeant misses you. The acid dragon bites you!
You die...

#......#..#......
#......#..#s.....
#..#####..#####..
#......#..#
#......#..#
#####..#..#
#[.:#..#..#
#?:g#..#..#
#:.D@..#[.#
########..### ..
#...#.# ...
##.(...### ....
#........##
....###........#
.............###
.............#
#..##.......#


You could see an acid dragon and a gnoll sergeant.

Vanquished Creatures
  An ice beast (D:5)
  2 black bears (D:4)
  An ogre (D:4)
  2 phantoms (D:4)
  2 scorpions (D:4)
  A howler monkey (D:4)
  4 hounds
  An iguana (D:5)
  Terence (D:2)
  5 orc wizards
  Robin (D:2)
  9 adders
  2 worms
  2 dart slugs
  8 orcs
  11 endoplasms
  11 goblins
  12 hobgoblins
  4 jackals (D:4)
  9 ball pythons
  4 bats
  3 frilled lizards
  9 kobolds
  6 rats
111 creatures vanquished.

Notes
Turn   | Place    | Note
-------+----------+-------------------------------------------
     0 | D:1      | p00ps00p the Hill Orc Fighter began the quest for the Orb.
     0 | D:1      | Reached XP level 1. HP: 19/19 MP: 1/1
    34 | D:1      | Reached XP level 2. HP: 27/27 MP: 2/2
   200 | D:1      | Reached XP level 3. HP: 30/33 MP: 3/3
   556 | D:2      | Noticed Terence
   564 | D:2      | Killed Terence
   565 | D:2      | Reached XP level 4. HP: 19/41 MP: 4/4
  1125 | D:2      | Noticed Robin
  1128 | D:2      | Reached XP level 5. HP: 47/47 MP: 5/5
  1133 | D:2      | Killed Robin
  2111 | D:3      | Found Tuzurgh's Antique Armour Shoppe.
  2133 | D:3      | Reached skill level 5 in Fighting
  2133 | D:3      | Reached XP level 6. HP: 39/56 MP: 6/6
  2401 | D:4      | Reached skill level 5 in Axes
  2458 | D:4      | Reached skill level 5 in Armour
  2600 | D:4      | Reached skill level 5 in Shields
  2672 | D:4      | Reached XP level 7. HP: 47/61 MP: 7/7
  3101 | D:4      | Reached XP level 8. HP: 42/71 MP: 8/8
  3620 | D:5      | Entered Level 5 of the Dungeon
  4109 | D:5      | Slain by an acid dragon

Illustrated notes

Levels and vault maps discovered:
D:1:      onia_arrival_handbag, layout_rooms, serial_aquarium,
          aquarium_bridge_square [aquarium_subvault_bridge,
          aquarium_subvault_bridge, aquarium_subvault_bridge,
          aquarium_subvault_wall], aquarium_window_fake, aquarium_window_fake,
          aquarium_window_2, aquarium_view_2c, aquarium_view_2f
D:2:      layout_basic, kennysheep_path_1, uniq_robin, uniq_terence
D:3:      layout_basic, serial_shops, shop
D:4:      layout_loops_corners, grunt_decor_fettered
D:5:      kennysheep_windowed_halls, layout_cave_pools,
          minmay_temple_entry_grid, serial_column_ruins, column_ruins_hut,
          column_ruins_open_tiny, column_ruins_columns_plus,
          column_ruins_open_small, column_ruins_columns_straight,
          column_ruins_open_small_water, nicolae_figureground_pulse

Skill      XL: |  1  2  3  4  5  6  7  8 |
---------------+-------------------------+-----
Axes           | 3 4 5 6 |  6.8
Fighting       | 4 5 6 |  6.8
Armour         | 4 5 6 |  6.2
Shields        | 4 5 6 |  6.2

Action                   |  1- 3 |  4- 6 |  7- 9 || total
-------------------------+-------+-------+-------++-------
Melee: War axe           |    65 |   250 |   109 ||   424
  Use: Potion            |       |       |     1 ||     1
Armor: Scale mail        |    29 |   134 |    49 ||   212
Dodge: Dodged            |    18 |   112 |    51 ||   181
Block: Buckler           |    10 |    46 |    24 ||    80

Table legend: (Time is in decaauts)
 A = Elapsed time spent in this place.
 B = Non-inter-level travel time spent in this place.
 C = Inter-level travel time spent in this place.
 D = Time resting spent in this place.
 E = Time spent auto-exploring this place.
 F = Levels seen in this place.
 G = Mean time per level.
                   A        B        C        D        E       F      G
               +--------+--------+--------+--------+--------+-----+--------+
         Total |   4240 |   4166 |     74 |    308 |   2979 |   5 |  848.0 |
       Dungeon |   4240 |   4166 |     74 |    308 |   2979 |   5 |  848.0 |
               +--------+--------+--------+--------+--------+-----+--------+

Top non-repeatable levels by time:
     D:4: 1341 daAuts
     D:2: 1252 daAuts
     D:3: 679 daAuts
     D:5: 499 daAuts
     D:1: 468 daAuts
